 Dungeon Crawl Stone Soup version 0.29.1-14-g9c671dbff4 (webtiles) character file.

Game seed: 12454580545838764480

5401 promet the Fighter (level 10, -5/98 (101) HPs)
             Began as a Hill Orc Fighter on Feb 14, 2023.
             Was a Follower of Uskayaw.
             Slain by a yak (8 damage)
             ... on level 9 of the Dungeon on Feb 15, 2023.
             The game lasted 01:01:32 (15059 turns).

promet the Fighter (Hill Orc Fighter)              Turns: 15059, Time: 01:01:32

HP:   -5/98 (101)   AC: 12    Str: 20    XL:     10   Next: 67%
MP:   9/9           EV:  4    Int:  8    God:    Uskayaw [*.....]
Gold: 676           SH: 15    Dex: 20    Spells: 9/9 levels left

rFire   + . .      SeeInvis +   c - +0 war axe
rCold   . . .      Faith    .   y - +0 tower shield
rNeg    . . .      Spirit   .   i - +0 chain mail
rPois   .          Reflect  .   (no helmet)
rElec   .          Harm     .   e - +0 cloak
rCorr   .          Rampage  .   (no gloves)
Will    .....                   (no boots)
Stlth   ..........              (no amulet)
HPRegen 0.26/turn               E - +6 ring of dexterity
MPRegen 0.11/turn               d - ring of protection from fire

@: lethally poisoned (-5 -> -6), lightly drained
A: claws 1, see invisible, low MP 1, robust 1
a: Renounce Religion, Stomp


You were on level 9 of the Dungeon.
You worshipped Uskayaw.
Uskayaw was noncommittal.
You visited 1 branch of the dungeon, and saw 9 of its levels.

You collected 676 gold pieces.

Inventory:

Hand Weapons
 a - a +5 great sword
 b - the +10 sling of Wounding {venom, rPois Will+ MP+9}
   (You found it on level 5 of the Dungeon)

   Any ammunition fired from it poisons the flesh of those it strikes.
   rPois:     It protects you from poison.
   MP:        It affects your magic capacity (+9).
   Will:      It increases your willpower.
 c - a +0 war axe (weapon)
 g - a +0 flail
 j - a +0 spear
 o - a +2 falchion of freezing
Missiles
 p - 26 poisoned darts (quivered)
 r - 41 stones
 x - 5 boomerangs
 B - 2 curare-tipped darts
Armour
 e - a +0 cloak (worn)
 i - a +0 chain mail (worn)
 t - +0 acid dragon scales
 u - a +0 buckler
 y - a +0 tower shield (worn)
Magical Staves
 l - a staff of earth
Jewellery
 d - a ring of protection from fire (right claw)
 k - a ring of willpower
 z - a ring of flight
 E - a +6 ring of dexterity (left claw)
 H - a ring of magical power
Wands
 v - a wand of digging (11)
Scrolls
 h - a scroll of noise
 n - 2 scrolls of fear
 q - a scroll of identify
 s - a scroll of amnesia
 w - 2 scrolls of teleportation
 D - a scroll of magic mapping
Potions
 f - 4 potions of curing
 m - a potion of flight
 A - a potion of brilliance


   Skills:
 * Level 9.7 Fighting
 + Level 7.7 Long Blades
 * Level 9.4 Axes
 + Level 4.4 Ranged Weapons
 + Level 1.2 Throwing
 + Level 7.6 Armour
 + Level 1.1 Dodging
 + Level 1.6 Stealth
 + Level 4.7 Shields


You had 9 spell levels left.
You didn't know any spells.
Your spell library contained the following spells:

 Spells                   Type           Power      Damage    Failure   Level
 Apportation              Tloc           0%         N/A       100%        1
 Beastly Appendage        Tmut           0%         N/A       100%        1
 Necrotise                Necr           0%         1d4       100%        1
 Summon Small Mammal      Summ           0%         N/A       100%        1
 Sublimation of Blood     Necr           0%         N/A       100%        2
 Wereblood                Tmut           0%         N/A       100%        2
 Spider Form              Tmut/Pois      0%         N/A       100%        3
 Vampiric Draining        Necr           0%         2d6       100%        3
 Passage of Golubria      Tloc           0%         N/A       100%        4
 Petrify                  Tmut/Erth      0%         N/A       100%        4
 Agony                    Necr           0%         N/A       100%        5
 Irradiate                Conj/Tmut      0%         3d11      100%        5
 Silence                  Hex/Air        0%         N/A       100%        5
 Lehudib's Crystal Spear  Conj/Erth      0%         10d2      100%        8


Dungeon Overview and Level Annotations

Branches:
Dungeon (9/15)             Temple (0/1) D:7            Lair (0/5) D:8
    Orc: D:9-12

Altars:
Ashenzari
Gozag
Hepliaklqana
Makhleb
Okawaru
Sif Muna
Uskayaw
Wu Jian
Yredelemnul
Zin
The Shining One

Shops:
D:3 [

Annotations:
D:9 Psyche


Innate Abilities, Weirdness & Mutations

You have sharp fingernails.
You have supernaturally acute eyesight. (SInv)
Your magical capacity is low. (-10% MP)
You are robust. (+10% HP)


Message History

The yak closely misses you.
Psyche zaps a wand.
You easily resist.
The now-empty wand crumbles to dust.
You feel sick. The wyvern barely misses you. The yak barely misses you.
Psyche miscasts a cantrip.
You can no longer pass through a line of other dancers.
You bump into the stone wall.
You feel sick. The wyvern closely misses you.
Psyche hits you with a +2 dagger of chaos!
You feel drained. The wyvern closely misses you.
You closely miss the yak.
You feel sick. The wyvern barely misses you. Psyche closely misses you.
You hit Psyche.
Psyche is heavily wounded.
The sentinel's mark upon you fades away.
You feel sick. The wyvern bites you.
* * * LOW HITPOINT WARNING * * *
The yak gores you!
* * * LOW HITPOINT WARNING * * *
The yak gores you!
* * * LOW HITPOINT WARNING * * *
The yak barely misses you. Psyche closely misses you.
The yak bellows!
Okay, then.
Okay, then.
You are too confused!
Your magical effects are unravelling.
You feel magically purged.
You feel less porcine.
Your +0 war axe unmelds from your body.
Your +0 cloak unmelds from your body.
Your +0 tower shield unmelds from your body.
Your +0 chain mail unmelds from your body.
Your +6 ring of dexterity unmelds from your body.
Your ring of protection from fire unmelds from your body.
You feel agile.
You flicker back into view.
You feel less confused.
You feel a little less mighty now.
You feel sick.
The yak bellows! x2
The wyvern bites you but does no damage.
You block Psyche's attack. The yak gores you!
You die...

......#
#...#.......#...
/....@+
#...#.......#... .....#
#...'.......'...
....###
#####..###.##...
#....#######..#########
#....+..............
#....#..............
#....#####..........
#...Y@@Y.#....##..##
#....YlY.#....# ..#
#.....Y..#....# .#
#........'....# #
#####....#.....+
#....#....>#
+....+.....#
#....#....##
#....######


You could see Psyche (invisible), 5 yaks and a wyvern.

Vanquished Creatures
  A two-headed ogre (D:7)
  2 komodo dragons (D:8)
  Grinder (D:4)
  A vampire (D:8)
  3 wyverns
  A steam dragon (D:8)
  An acid dragon (D:8)
  A water moccasin (D:6)
  3 ice beasts (D:6)
  An orc warrior (D:8)
  2 sky beasts (D:7)
  An ogre (D:6)
  A centaur (D:8)
  3 phantoms
  3 kobold brigands
  2 necrophages (D:5)
  A gnoll sergeant (D:5)
  4 bullfrogs
  2 scorpions
  3 wights (D:5)
  2 howler monkeys
  2 orc priests
  5 hounds
  A jelly (D:4)
  4 gnoll boudas
  3 iguanas
  6 orc wizards
  28 gnolls
  12 adders
  A shadow imp (D:8)
  A worm (D:5)
  4 dart slugs
  31 orcs
  10 ball pythons
  7 bats
  9 endoplasms
  4 giant cockroaches
  36 goblins
  31 hobgoblins
  2 jackals (D:4)
  20 kobolds
  6 quokkas
  7 frilled lizards
  A goblin zombie (D:7)
  7 rats
  A rat zombie (D:7)
278 creatures vanquished.

Vanquished Creatures (collateral kills)
  2 gnolls (D:7)
  An orc (D:7)
3 creatures vanquished.

Vanquished Creatures (others)
  3 plants (D:4)
3 creatures vanquished.

Grand Total: 284 creatures vanquished

Notes
Turn   | Place    | Note
-------+----------+-------------------------------------------
     0 | D:1      | promet the Hill Orc Fighter began the quest for the Orb.
     0 | D:1      | Reached XP level 1. HP: 19/19 MP: 1/1
    12 | D:1      | Gained mutation: You have sharp fingernails. [potion of
                  | mutation]
    12 | D:1      | Gained mutation: Your magical capacity is low. (-10% MP)
                  | [potion of mutation]
    12 | D:1      | Gained mutation: You are robust. (+10% HP) [potion of
                  | mutation]
    12 | D:1      | Gained mutation: You have supernaturally acute eyesight.
                  | (SInv) [potion of mutation]
    97 | D:1      | Reached XP level 2. HP: 26/29 MP: 1/1
   302 | D:1      | Found a faded altar of an unknown god.
   494 | D:1      | Reached XP level 3. HP: 35/36 MP: 2/2
  1728 | D:2      | Reached XP level 4. HP: 45/45 MP: 3/3
  3077 | D:3      | Reached XP level 5. HP: 51/51 MP: 4/4
  3118 | D:3      | Found Winit's Armour Shop.
  3136 | D:3      | Reached skill level 5 in Fighting
  3540 | D:3      | Reached skill level 5 in Axes
  3786 | D:4      | Reached XP level 6. HP: 61/61 MP: 5/5
  5115 | D:4      | Noticed Grinder
  5143 | D:4      | Killed Grinder
  5144 | D:4      | Reached XP level 7. HP: 70/70 MP: 6/6
  5701 | D:5      | Entered Level 5 of the Dungeon
  5948 | D:5      | Reached skill level 1 in Throwing
  5948 | D:5      | Reached skill level 5 in Armour
  6172 | D:5      | Reached XP level 8. HP: 78/78 MP: 7/7
  6361 | D:5      | Found an ornate altar of the Wu Jian Council.
  6365 | D:5      | Found a hide-covered altar of Uskayaw.
  6365 | D:5      | Found a glowing silver altar of Zin.
  6367 | D:5      | Found a glowing golden altar of the Shining One.
  6368 | D:5      | Found an iron altar of Okawaru.
  6369 | D:5      | Found a broken altar of Ashenzari.
  6370 | D:5      | Found a basalt altar of Yredelemnul.
  6374 | D:5      | Became a worshipper of Uskayaw the Reveller
  6425 | D:5      | Reached * piety under Uskayaw
  6434 | D:5      | Reached ** piety under Uskayaw
  6626 | D:5      | Identified the +10 sling of Wounding {venom, rPois Will+
                  | MP+9}
  8184 | D:5      | Reached skill level 1 in Long Blades
  8781 | D:5      | Reached *** piety under Uskayaw
  8788 | D:5      | Reached **** piety under Uskayaw
  8823 | D:5      | Reached ***** piety under Uskayaw
  9131 | D:5      | Reached skill level 1 in Ranged Weapons
  9794 | D:6      | Reached XP level 9. HP: 89/89 MP: 0/8
 10172 | D:6      | Found a large runed translucent door.
 10173 | D:6      | Found a large runed translucent door.
 10193 | D:6      | Found a hazy altar of Hepliaklqana.
 10202 | D:6      | Found an opulent altar of Gozag.
 11143 | D:7      | Reached skill level 5 in Long Blades
 11261 | D:7      | Reached skill level 1 in Dodging
 11289 | D:7      | Found a staircase to the Ecumenical Temple.
 11950 | D:7      | Found a burning altar of Makhleb.
 12242 | D:7      | Reached skill level 1 in Stealth
 12549 | D:7      | Found a shimmering blue altar of Sif Muna.
 12713 | D:8      | Noticed a two-headed ogre
 12756 | D:7      | Reached XP level 10. HP: 93/99 MP: 9/9
 12815 | D:7      | Killed a two-headed ogre
 14452 | D:8      | Found a staircase to the Lair.
 15035 | D:9      | Noticed Psyche
 15058 | D:9      | HP: 4/98 [yak (9)]
 15059 | D:9      | Slain by a yak

Illustrated notes

Levels and vault maps discovered:
D:1:      eino_arrival_water_star, layout_basic,
          shapermc_ecumenical_altar_mp_highgroup, st_stairs_14,
          minmay_misc_feat_x, minmay_cupped
D:2:      layout_loops_ring, grunt_decor_mini_mirrors,
          nicolae_kite_square_tiling_tiny, minmay_tetromino_s2
D:3:      layout_rooms, serial_shops, nicolae_shop_hallway_plus,
          minmay_close_crescents
D:4:      layout_layer_cave, ebering_dispersal_statue_hall, wad_woods_river_04,
          minmay_misc_feat_roman, uniq_grinder
D:5:      minmay_goblin_kobold_castle, layout_rooms, minitemple,
          lightli_minifort
D:6:      layout_basic, jmf_multi_god_temple2
D:7:      layout_basic, tgw_sif, mainiacjoe_overflow_small_starburst,
          minmay_temple_entry_junction_2, enter_ossuary_4
D:8:      layout_cave_pools, erik_lair_dragon, nzn_life_drinkers
D:9:      layout_gridville, serial_shops, shop, nicolae_shop_crystal, shop,
          uniq_prince_ribbit1, uniq_psyche

Skill      XL: |  1  2  3  4  5  6  7  8  9 10 |
---------------+-------------------------------+-----
Axes           | 3 4 5 6 7 8 9 |  9.4
Fighting       | 4 5 6 8 9 |  9.7
Armour         | 4 5 6 7 |  7.6
Shields        | 4 |  4.7
Throwing       | 1 |  1.2
Long Blades    | 3 6 7 |  7.7
Ranged Weapons | 1 3 4 |  4.4
Dodging        | 1 |  1.1
Stealth        | 1 |  1.6

Action                   |  1- 3 |  4- 6 |  7- 9 | 10-12 || total
-------------------------+-------+-------+-------+-------++-------
Melee: War axe           |   108 |   222 |   124 |    65 ||   519
       Great sword       |       |       |   197 |       ||   197
       Sling             |       |       |     7 |       ||     7
       Spear             |       |       |     1 |       ||     1
       Unarmed           |       |       |       |     9 ||     9
 Fire: Sling             |       |       |   111 |    21 ||   132
Throw: Stone             |     3 |    22 |       |       ||    25
       Dart              |       |       |     5 |     4 ||     9
Invok: Stomp             |       |       |     2 |     2 ||     4
  Use: Potion            |     1 |     4 |     2 |     5 ||    12
       Scroll            |     4 |     6 |     6 |     2 ||    18
 Stab: Paralysed         |       |       |     8 |     3 ||    11
       Invisible         |       |       |       |     1 ||     1
Armor: Scale mail        |    37 |       |       |       ||    37
       Chain mail        |    15 |   102 |   229 |    30 ||   376
       Skin              |       |     4 |       |       ||     4
Dodge: Dodged            |    58 |    92 |   156 |    31 ||   337
Block: Buckler           |    27 |    56 |    23 |       ||   106
       Tower shield      |       |       |    20 |    63 ||    83
